 Dungeon Sprint DCSS version 0.17-a0-1731-g129c023 (webtiles) character file.

29 patman the Cudgeler (level 3, -12/34 HPs)
             Began as a Gargoyle Berserker on Aug 29, 2015.
             Was a Believer of Trog.
             Mangled by a water elemental (13 damage)
             ... in the Dungeon (Sprint III: "The Ten Rune Challenge").
             The game lasted 00:01:34 (636 turns).

patman the Cudgeler (Gargoyle Berserker)             Turns: 636, Time: 00:01:34

Health: -12/34     AC:  5    Str: 25    XL:     3   Next: 16%
Magic:  3/3        EV: 12    Int:  7    God:    Trog [**....]
Gold:   12         SH:  0    Dex: 10    Spells: 0 memorised, 2 levels left

rFire  . . .     SeeInvis .     a - +0 mace
rCold  . . .     Clarity  .     b - +0 animal skin
rNeg   + . .     SustAt   .     (no shield)
rPois  ∞         Gourm    .     (no helmet)
rElec  +         Spirit   .     (no cloak)
rCorr  .         Warding  .     (no gloves)
rMut   .         NoTele   +     (no boots)
MR     .....                    (no amulet)
Stlth  ..........               (no ring)
                                (no ring)

@: berserking, very quick, not resistant to hostile enchantments, extremely
unstealthy
A: negative energy resistance 1, electricity resistance, unbreathing,
petrification resistance, rot immunity, AC +3
a: Burn Spellbooks, Berserk, Trog's Hand, Renounce Religion


You were in the Dungeon.
You worshipped Trog.
Trog was pleased with you.
You were not hungry.

You visited 1 branch You collected 12 gold pieces.

Inventory:

Hand weapons
 a - a +0 mace (weapon)
Armour
 b - a +0 animal skin (worn)
Scrolls
 i - a scroll of blinking
 k - 6 scrolls of identify
 l - a scroll of torment {unknown}
 m - 4 scrolls of remove curse
 p - a scroll of immolation {unknown}
Potions
 d - a potion of curing
 e - a potion of heal wounds
 f - a potion of haste
 g - 2 potions of magic
 h - a potion of berserk rage
 j - 2 potions of mutation {unknown}
 n - a potion of cure mutation {unknown}
 o - 5 potions of flight
Comestibles
 c - a bread ration
 q - a meat ration


   Skills:
 - Level 3.2 Fighting
 + Level 6.7 Maces & Flails
 - Level 2.1 Armour
 - Level 1.5 Dodging


You had 2 spell levels left.
You didn't know any spells.

Dungeon Overview and Level Annotations

Branches:
Dungeon (1/1)

Altars:


Innate Abilities, Weirdness & Mutations

You are resistant to torment.
Your stone body is resilient (AC +3).
You are immune to poison.
You resist negative energy.
You are resistant to electric shocks.
You can survive without breathing.
You are immune to petrification.
You are immune to rotting.


Message History

Unknown command.
Unknown command.
Unknown command.
Unknown command.
Unknown command.
Unknown command.
Unknown command.
Unknown command.
With effort, you pull free of the water engulfing you.
The water engulfing you falls away. The water elemental barely misses you.
Use which ability? (? or * to list)
A red film seems to cover your vision as you go berserk!
You feel yourself moving faster!
You feel mighty!
You feel somewhat more hungry. The water elemental closely misses you.
You sock the water elemental!
The water elemental is heavily damaged.
You barely miss the water elemental.
The water elemental is heavily damaged.
The water elemental hits you!
You die...

▓▓▓▓▓▓▓▓▓ ▓▓▓
▓<..#...#### ##.#
▓...#......#####..#
▓..##.......#..#..#
▓##.##.##...#..#..###+#+#
##.##.###..##'#..#......
▓#.####.##..###...'.⌠....
▓.###..##..####@E.#
▓#.....##..###....#
###..##...##.....#
##..##....#......#
#..###..##.#.....# #..#
#..#####....# ▓▓▓▓ ▓▓▓▓
▓▓▓▓▓▓


You could see a water elemental.

Vanquished Creatures
  A human (D)
  An ooze (D)
  A phantom (D)
  3 rats (D)
6 creatures vanquished.

Vanquished Creatures (others)
  2 draconian scorchers (D)
  A yaktaur (D)
3 creatures vanquished.

Grand Total: 9 creatures vanquished

Notes
Turn   | Place    | Note
--------------------------------------------------------------
     0 | D        | patman the Gargoyle Berserker began the quest for the Orb.
     0 | D        | Reached XP level 1. HP: 14/14 MP: 1/1
    20 | D        | Acquired Trog's second power
    20 | D        | Reached skill level 4 in Maces & Flails
   173 | D        | Reached XP level 2. HP: 13/19 MP: 2/2
   196 | D        | HP: 1/28 [human (2)]
   197 | D        | Reached skill level 6 in Maces & Flails
   197 | D        | Reached XP level 3. HP: 1/23 MP: 3/3
   216 | D        | Killed a white draconian scorcher
   217 | D        | Killed a white draconian scorcher
   384 | D        | Killed a yaktaur
   628 | D        | Noticed a water elemental
   632 | D        | HP: 1/23 [water elemental (4)]
   636 | D        | Mangled by a water elemental

Vault maps used:
D:        dungeon_sprint_mu

Action                   || total
-------------------------++-------
Melee: Mace              ||    37
Invok: Berserk           ||     3
  Eat: Bread ration      ||     1
